 Dungeon Crawl Stone Soup version bcrawl-1.21.3-2-g9d8a61a446 (webtiles) character file.

Game seed: 12097200355637278888

60 funkygono the Skirmisher (level 4, -7/29 HPs)
             Began as a Gargoyle Fighter on Apr 14, 2020.
             Killed by divine providence
             ... invoked by an orc priest
              (11 damage)
             ... on level 3 of the Dungeon.
             The game lasted 00:02:39 (1248 turns).

funkygono the Skirmisher (Gargoyle Fighter)         Turns: 1248, Time: 00:02:40

Health: -7/29      AC: 13    Str: 20    XL:     4   Next: 4%
Magic:  4/4        EV:  7    Int:  9    God:
Gold:   123        SH: 11    Dex:  9    Spells: 3/3 levels left

rFire    . . .     SeeInvis .   a - +0 flail
rCold    . . .     Gourm    .   c - +2 medium shield
rNeg     + . .     Faith    .   b - +0 scale mail
rPois    ∞         Spirit   .   (no helmet)
rElec    +         Reflect  .   (no cloak)
rCorr    .         Harm     .   g - +2 pair of gloves
MR       .....                  (no boots)
Stlth    ..........             (no amulet)
HPRegen  0.09/turn              (no ring)
MPRegen  0.09/turn              (no ring)

@: no status effects
A: negative energy resistance 1, electricity resistance, unbreathing,
petrification resistance, rot immunity, AC +3
a: no special abilities


You were on level 3 of the Dungeon.
You were not hungry.

You visited 1 branch of the dungeon, and saw 3 of its levels.

You collected 123 gold pieces.

Inventory:

Hand Weapons
 a - a +0 flail (weapon)
Missiles
 h - 216 bolts
 l - 786 stones (quivered)
Armour
 b - a +0 scale mail (worn)
 c - a +2 medium shield (worn)
 g - a +2 pair of gloves (worn)
Jewellery
 n - a +6 ring of protection {unknown}
Scrolls
 f - 4 scrolls of identify {unknown}
Potions
 d - a potion of might
 i - a potion of magic {unknown}
 m - a potion of heal wounds {unknown}
 o - a potion of curing {unknown}
Comestibles
 e - 6 rations {!d}
 j - 2 chunks of flesh


   Skills:
 + Level 3.8 Fighting
 + Level 2.9 Maces & Flails
 + Level 3.6 Armour
 + Level 0.5 Dodging
 + Level 3.7 Shields


You had 3 spell levels left.
You didn't know any spells.
Your spell library was empty.

Dungeon Overview and Level Annotations

Branches:
Dungeon (3/12)

Altars:
Xom


Innate Abilities, Weirdness & Mutations

You are resistant to torment.
Your stone body is resilient. (AC +3)
You are immune to poison.
You resist negative energy. (rN+)
You are resistant to electric shocks. (rElec)
You can survive without breathing.
You are immune to petrification.
You are immune to rotting.


Message History

An orc comes into view. It is wielding a +0 war axe.
The orc throws a tomahawk.
The tomahawk hits you but does no damage.
An orc priest comes into view. It is wielding a +0 hand axe.
The orc priest shouts!
An orc priest comes into view. It is wielding a +0 short sword.
The orc throws a tomahawk.
The tomahawk hits you but does no damage.
The orc throws a tomahawk.
You block the tomahawk.
The orc priest mumbles some strange prayers to Beogh against you.
Beogh smites you!
Ouch! That really hurt!
The orc throws a tomahawk.
You block the tomahawk.
The orc throws a tomahawk.
You block the tomahawk.
The orc priest invokes the aid of Beogh against you.
Beogh smites you!
* * * LOW HITPOINT WARNING * * *
The orc priest invokes the aid of Beogh against you.
Beogh smites you!
You die...

..................#
.###.......#.....##
#.#...#.##...##
#.#...#.# ####
#.#>..#[# #.#...#.#
###.......#
#......#########
#.#.##.#.@.....#
...#.#.#.#####.# #
#.........#
#.##.#....# #
#...).o...#
...#o.#o##.#
###.#...... #
.....#/...
##.#.#####.#


You could see an orc priest.

Vanquished Creatures
  Terence (D:2)
  An ooze (D:1)
  A dart slug (D:2)
  3 leopard geckos
  3 giant cockroaches
  4 goblins
  5 hobgoblins
  A ball python (D:2)
  2 bats (D:1)
  A frilled lizard (D:1)
  A kobold (D:1)
  3 rats (D:1)
26 creatures vanquished.

Notes
Turn   | Place    | Note
-------+----------+-------------------------------------------
     0 | D:1      | funkygono the Gargoyle Fighter began the quest for the Orb.
     0 | D:1      | Reached XP level 1. HP: 14/14 MP: 1/1
   271 | D:1      | Reached XP level 2. HP: 19/19 MP: 2/2
   684 | D:2      | Reached XP level 3. HP: 23/23 MP: 3/3
   851 | D:2      | Found a shimmering altar of Xom.
   852 | D:2      | Found a shimmering altar of Xom.
   852 | D:2      | Found a shimmering altar of Xom.
   853 | D:2      | Found a shimmering altar of Xom.
   855 | D:2      | Found a shimmering altar of Xom.
   855 | D:2      | Found a shimmering altar of Xom.
   855 | D:2      | Found a shimmering altar of Xom.
   863 | D:2      | Noticed Terence
   878 | D:2      | Killed Terence
   880 | D:2      | Reached XP level 4. HP: 23/29 MP: 4/4
  1248 | D:3      | Killed from afar by an orc priest

Action                   |  1- 3 |  4- 6 || total
-------------------------+-------+-------++-------
Melee: Flail             |   101 |     4 ||   105
  Use: Scroll            |     1 |     5 ||     6
  Eat: Chunk             |       |     1 ||     1
Armor: Scale mail        |    56 |     4 ||    60
Dodge: Dodged            |    31 |       ||    31
Block: Medium shield     |    59 |     6 ||    65
